 Dungeon Crawl Stone Soup version 0.21-a0-274-gc1afaeb (webtiles) character file.

3493 Gorice the Jinx (level 10, 0/65 HPs)
             Began as a Gnoll Arcane Marksman on Sept 18, 2017.
             Was a Priest of Okawaru.
             Slain by a killer bee (7 damage)
             ... on level 8 of the Dungeon on Sept 19, 2017.
             The game lasted 00:54:49 (10712 turns).

Gorice the Jinx (Gnoll Arcane Marksman)            Turns: 10712, Time: 00:54:50

Health: 0/65       AC: 11    Str:  7    XL:     10   Next: 7%
Magic:  11/12      EV: 10    Int:  7    God:    Okawaru [***...]
Gold:   406        SH:  3    Dex:  7    Spells: 9/12 levels left

rFire    . . .     SeeInvis .   b - +0 rapier (venom)
rCold    . . .     Gourm    .   (no shield)
rNeg     + . .     Faith    .   B - +3 ring mail {rPois}
rPois    +         Spirit   .   (no helmet)
rElec    .         Reflect  +   E - +0 cloak (curse)
rCorr    .         Harm     .   N - +1 pair of gloves
MR       .....                  (no boots)
Stlth    +.........             r - +3 amulet of reflection
HPRegen  0.20/turn              t - ring of positive energy
MPRegen  0.13/turn              s - ring of stealth

@: no status effects
A: unchanging attributes, fangs 1, strong nose
a: Heroism, Renounce Religion


You were on level 8 of the Dungeon.
You worshipped Okawaru.
Okawaru was most pleased with you.
You were not hungry.

You visited 2 branches of the dungeon, and saw 9 of its levels.
You also visited: Sewer.

You collected 406 gold pieces.

Inventory:

Hand Weapons
 a - a +3 shortbow
 b - a +0 rapier of venom (weapon)
   (You found it on level 7 of the Dungeon)
 e - a +0 long sword
 i - a +1 shortbow
 j - a +1 short sword of venom
   (You took it off Duvessa on level 4 of the Dungeon)
 u - a +1 short sword of speed
   (You took it off a kobold on level 2 of the Dungeon)
 A - a +1 dagger of venom
   (You found it on level 2 of the Dungeon)
 J - a +0 whip of freezing
   (You found it on level 5 of the Dungeon)
 M - a +3 trident
 Q - a +4 great sword
Missiles
 d - 93 arrows
 y - 20 bolts
 Z - 185 stones (quivered)
Armour
 h - a +0 hat
 B - a +3 ring mail of poison resistance (worn)
   (You took it off Duvessa on level 4 of the Dungeon)
 E - a cursed +0 cloak (worn)
 K - a +0 plate armour
 N - a +1 pair of gloves (worn)
Jewellery
 r - a +3 amulet of reflection (around neck)
 s - a ring of stealth (right hand)
 t - a ring of positive energy (left hand)
 F - an uncursed ring of flight
 S - an uncursed ring of stealth
Wands
 k - a wand of polymorph (22/24)
 R - a wand of flame (36/48)
Scrolls
 m - 7 scrolls of remove curse
 o - 3 scrolls of fear {!r}
 q - 3 scrolls of teleportation {!r}
 x - 3 scrolls of amnesia
 G - 2 scrolls of enchant weapon
 H - 2 scrolls of identify
 I - 6 scrolls of magic mapping {!r}
Potions
 g - 2 potions of haste {!q}
 l - a potion of mutation {!q}
 p - 3 potions of agility {!q}
 w - a potion of cancellation {!q}
 z - a potion of curing
 C - a potion of heal wounds {!q}
 O - a potion of might {!q}
Books
 c - a book of Debilitation
 D - a book of Minor Magic
 L - a book of Frost
Comestibles
 f - 9 bread rations {!e}
 n - 9 fruits
 v - 3 meat rations {!e}
 P - 4 royal jellies


   Skills:
 - Level 1.3 Fighting
 + Level 1.8 Long Blades
 - Level 12.6 Bows
 - Level 2.6 Dodging
 - Level 1.5 Spellcasting
 + Level 13.0 Hexes


You had 9 spell levels left.
You knew the following spells:

 Your Spells              Type           Power        Failure   Level  Hunger
a - Corona                Hex            ###....      1%          1    ##.....
b - Slow                  Hex            ###.....     1%          2    ###....


Dungeon Overview and Level Annotations

Branches:
Dungeon (8/15)             Temple (1/1) D:4
   Lair: D:8-11

Altars:
Ashenzari
Cheibriados
Dithmenos
Elyvilon
Fedhas
Gozag
Hepliaklqana
Kikubaaqudgha
Makhleb
Nemelex Xobeh
Okawaru
Qazlal
Ru
Trog
Uskayaw
Vehumet
Wu Jian
Xom
Yredelemnul
Zin
The Shining One

Shops:
D:4 }*   D:5 [


Innate Abilities, Weirdness & Mutations

Your physical attributes are unchanging.
You have very sharp teeth.
Your uncanny sense of smell can sniff out nearby items.


Message History

The killer bee stings you but does no damage.
The killer bee barely misses you.
A hound skeleton comes into view.
You hit the killer bee.
The killer bee looks as sick as possible!
The killer bee is moderately wounded.
You feel sick.
You kill the killer bee!
Okawaru accepts your kill.
Your Hexes skill increases to level 13!
The killer bee stings you but does no damage.
Damage: 1 (max 8)
The hound skeleton bites you but does no damage.
The killer bee barely misses you. The killer bee barely misses you.
You feel better. The killer bee stings you.
* * * LOW HITPOINT WARNING * * *
The killer bee stings you.
* * * LOW HITPOINT WARNING * * *
You miss the killer bee.
The killer bee stings you but does no damage.
You closely miss the killer bee.
The killer bee stings you but does no damage.
The killer bee barely misses you.
You hit the killer bee.
The killer bee is poisoned.
The killer bee is lightly wounded.
The killer bee closely misses you. The killer bee stings you.
* * * LOW HITPOINT WARNING * * *
Damage: 4 (max 8)
You closely miss the killer bee.
The killer bee is moderately wounded.
You feel like a meek peon again. The killer bee barely misses you.
The killer bee closely misses you.
Your ring mail prevents you from hitting the killer bee.
The killer bee is heavily wounded.
The killer bee stings you.
* * * LOW HITPOINT WARNING * * *
The killer bee stings you but does no damage.
Damage: 6 (max 8)
You barely miss the killer bee.
The killer bee is heavily wounded.
The killer bee barely misses you.
The killer bee stings you but does no damage.
The killer bee barely misses you.
You barely miss the killer bee.
The killer bee is almost dead.
You kill the killer bee!
Okawaru accepts your kill. You block the killer bee's attack.
The killer bee stings you!
You die...

∆ ## .%#
#.# # ∆ #.#
.#∆
#.#####.#
#..†yZ..#
#.y##y#.# ∆
###...#@# ∆
###...###.#
##...###
#.# ∆
#...## #.#
##...###
#.#
###†..###.#
###(..#.#
###...###.#
....
##...### ∆


You could see 2 killer bees and a hound skeleton.

Vanquished Creatures
  The ghost of nikopol the Thaumaturge, a novice DEFE (D:6)
  3 hogs (D:7)
  A human (D:7)
  A yak (D:7)
  Menkaure (D:4)
  Duvessa (D:4)
  An orc warrior (D:5)
  A sky beast (D:5)
  An ice beast (D:8)
  2 centaurs
  4 ogres
  A crocodile (Sewer)
  Blork the orc (D:4)
  A big kobold (D:7)
  Dowan (D:4)
  4 killer bees (D:8)
  4 wights
  3 howler monkeys
  A crimson imp (D:8)
  Crazy Yiuf (D:7)
  3 centaur skeletons
  An orc wizard (D:4)
  2 orc priests
  2 bullfrog skeletons
  3 iguanas
  Ijyb (D:3)
  Terence (D:3)
  3 worker ants
  2 hound zombies
  A hound skeleton (D:5)
  A worker ant zombie (D:5)
  4 adders
  3 gnolls (D:8)
  A shadow imp (D:5)
  3 adder zombies (D:5)
  2 adder skeletons
  2 worms
  3 leopard geckos
  16 orcs
  6 giant cockroaches
  7 goblins
  2 hobgoblins
  9 jackals
  14 bats
  4 frilled lizards
  9 kobolds
  A leopard gecko zombie (D:5)
  A quokka zombie (D:5)
  6 rats
147 creatures vanquished.

Vanquished Creatures (others)
  A wizard (D:7)
  Sigmund (D:4)
2 creatures vanquished.

Grand Total: 149 creatures vanquished

Notes
Turn   | Place    | Note
-------+----------+-------------------------------------------
     0 | D:1      | Gorice the Gnoll Arcane Marksman began the quest for the Orb.
     0 | D:1      | Reached XP level 1. HP: 15/15 MP: 3/3
    44 | D:1      | Reached skill level 3 in Bows
   280 | D:1      | Reached XP level 2. HP: 21/21 MP: 2/4
  1474 | D:1      | Learned a level 2 spell: Slow
  1814 | D:2      | Reached XP level 3. HP: 14/26 MP: 3/5
  1842 | D:2      | HP: 6/26 [jackal (2)]
  1864 | D:2      | Reached skill level 5 in Hexes
  2227 | D:3      | Reached skill level 4 in Bows
  2235 | D:3      | Noticed Ijyb
  2274 | D:3      | Killed Ijyb
  2274 | D:3      | Reached XP level 4. HP: 24/32 MP: 1/6
  2621 | D:3      | Found a faded altar of an unknown god.
  2631 | D:3      | Noticed a centaur
  2641 | D:3      | HP: 5/32 [centaur (8)]
  2644 | D:3      | HP: 2/48 [centaur (2)]
  2646 | D:3      | Killed a centaur
  2646 | D:3      | Reached skill level 5 in Bows
  2646 | D:3      | Reached skill level 6 in Hexes
  2646 | D:3      | Reached XP level 5. HP: 3/37 MP: 2/7
  3111 | D:3      | Noticed Terence
  3144 | D:3      | Killed Terence
  3374 | D:3      | Found a basalt altar of Yredelemnul.
  3390 | D:3      | Found a glowing golden altar of the Shining One.
  3392 | D:3      | Noticed an angel
  3633 | D:4      | Found an ornate altar of the Wu Jian Council.
  3660 | D:4      | Noticed Menkaure
  3667 | D:4      | Killed Menkaure
  3667 | D:4      | Reached skill level 6 in Bows
  3667 | D:4      | Reached skill level 7 in Hexes
  3667 | D:4      | Reached XP level 6. HP: 43/43 MP: 4/8
  3681 | D:4      | Found Poetrih's Gadget Emporium.
  3690 | D:4      | Found Hochoph's General Store.
  3895 | D:4      | Noticed Sigmund
  3895 | D:4      | Noticed Blork the orc
  3941 | D:4      | Killed Sigmund
  4239 | D:4      | Noticed Duvessa
  4239 | D:4      | Noticed Dowan
  4280 | D:4      | Killed Duvessa
  4280 | D:4      | Reached skill level 7 in Bows
  4280 | D:4      | Reached XP level 7. HP: 28/48 MP: 3/9
  4290 | D:4      | Killed Dowan
  4290 | D:4      | Reached skill level 8 in Hexes
  4539 | D:4      | Killed Blork the orc
  4561 | D:4      | Found a staircase to the Ecumenical Temple.
  4570 | Temple   | Entered the Ecumenical Temple
  4814 | Temple   | Became a worshipper of Warmaster Okawaru
  4995 | D:4      | You fall through a shaft for 2 floors!
  5052 | D:5      | Entered Level 5 of the Dungeon
  5057 | D:5      | Found a glowing drain.
  5099 | D:5      | Reached skill level 8 in Bows
  5158 | Sewer    | Entered a sewer
  5630 | D:4      | Reached skill level 9 in Hexes
  5630 | D:4      | Reached XP level 8. HP: 49/54 MP: 7/10
  6034 | D:5      | Found Daxzea's Antique Armour Emporium.
  6099 | D:5      | Reached * piety under Okawaru
  6159 | D:5      | Reached skill level 9 in Bows
  6733 | D:6      | Noticed nikopol's ghost (novice DEFE)
  7105 | D:6      | HP: 4/54 [nikopol's ghost/puff of flame (15)]
  7316 | D:5      | Reached skill level 10 in Hexes
  7646 | D:5      | Reached skill level 10 in Bows
  8163 | D:6      | HP: 2/54 [nikopol's ghost/flame tongue (26)]
  8175 | D:6      | Killed nikopol's ghost
  8175 | D:6      | Reached ** piety under Okawaru
  8175 | D:6      | Reached skill level 11 in Hexes
  8175 | D:6      | Reached XP level 9. HP: 45/59 MP: 9/11
  8506 | D:7      | Found a runed door.
  8510 | D:7      | Noticed Crazy Yiuf
  8573 | D:7      | Killed Crazy Yiuf
  8681 | D:7      | Found a hide-covered altar of Uskayaw.
  8682 | D:7      | Found a sparkling altar of Nemelex Xobeh.
  8741 | D:7      | Reached skill level 11 in Bows
  8960 | D:7      | Reached skill level 12 in Hexes
  8997 | D:7      | Noticed a gargoyle
  9007 | D:7      | HP: 17/59 [gargoyle/mace (8)]
  9212 | D:7      | Found an opulent altar of Gozag.
  9664 | D:7      | Found a hazy altar of Hepliaklqana.
  9680 | D:7      | Found a bloodstained altar of Trog.
  9681 | D:7      | Noticed a wizard
  9686 | D:7      | Killed a wizard
  9777 | D:7      | Reached skill level 12 in Bows
  9793 | D:7      | Reached *** piety under Okawaru
 10169 | D:7      | HP: 17/59 [gargoyle/stone arrow (11)]
 10551 | D:8      | Reached XP level 10. HP: 53/65 MP: 9/12
 10570 | D:8      | HP: 16/65 [orc/flail (6)]
 10598 | D:8      | HP: 17/65 [howler monkey (7)]
 10603 | D:8      | HP: 13/65 [howler monkey (4)]
 10685 | D:8      | Reached skill level 1 in Long Blades
 10685 | D:8      | HP: 18/65 [killer bee (3)]
 10700 | D:8      | HP: 13/65 [killer bee (8)]
 10702 | D:8      | Reached skill level 13 in Hexes
 10705 | D:8      | HP: 18/65 [killer bee (6)]
 10710 | D:8      | HP: 7/65 [killer bee (6)]
 10712 | D:8      | Slain by a killer bee

Vault maps used:
D:1:      dpeg_arrival_boxorama
D:3:      grunt_temple_overflow_holy_war,
          chequers_ecumenical_altar_simple_redux, minmay_tree_intersection,
          uniq_terence, uniq_ijyb
D:4:      lemuel_crystal_altar, minmay_temple_entry_enclosed_plants,
          first_bread, serial_shops, nicolae_shop_crystal, kennysheep_mini,
          st_stairs_10, uniq_duvessa, uniq_sigmund, uniq_menkaure,
          uniq_blork_the_orc
D:5:      cheibrodos_sewer_entry_drain, serial_shops, nicolae_shop_statue_plus,
          serial_undead, serial_undead_e, serial_undead_b, serial_undead_a,
          serial_undead_a, lemuel_another_geyser
D:7:      marbit_many_paths, kennysheep_mini_moat, minitemple, grunt_livestock,
          trog_wizard, uniq_crazy_yiuf_cottage
D:8:      minmay_goldmine, lemuel_blue_sif_altar, serial_curves, eino_curves_04,
          eino_curves_03, minivault_10
Temple:   minmay_temple_curvy_branch
Sewer:    sewer_big_baddie

Skill      XL: |  1  2  3  4  5  6  7  8  9 10 |
---------------+-------------------------------+-----
Bows           | 3 4 5 6 7 8 10 12 | 12.6
Hexes          | 5 6 7 9 11 12 13 | 13.0
Long Blades    | 1 |  1.8
Fighting       | |  1.3
Dodging        | |  2.6
Spellcasting   | |  1.5

Action                   |  1- 3 |  4- 6 |  7- 9 | 10-12 || total
-------------------------+-------+-------+-------+-------++-------
Melee: Dagger            |    99 |    54 |     4 |       ||   157
       Bite              |     4 |     4 |    12 |     3 ||    23
       Unarmed           |     2 |       |       |       ||     2
       Short sword       |       |       |   132 |       ||   132
       Rapier            |       |       |   141 |    46 ||   187
 Fire: Shortbow          |    64 |    49 |   257 |     1 ||   371
Throw: Stone             |     1 |       |       |       ||     1
 Cast: Corona            |    46 |    24 |    94 |       ||   164
       Slow              |     2 |     5 |    26 |       ||    33
Invok: Heroism           |       |       |     6 |     4 ||    10
  Use: Scroll            |     8 |     4 |    10 |     1 ||    23
       Potion            |     2 |     4 |     5 |     3 ||    14
  Eat: Chunk             |     6 |     2 |    20 |       ||    28
       Meat ration       |       |     1 |       |       ||     1
       Royal jelly       |       |       |     3 |     1 ||     4
Armor: Robe              |    45 |     2 |       |       ||    47
       Skin              |       |     8 |       |       ||     8
       Ring mail         |       |     7 |   161 |    26 ||   194
Dodge: Dodged            |   117 |    39 |   192 |    52 ||   400
Block: Other             |    14 |    13 |    38 |    10 ||    75

Table legend:
 A = Spawn XP
 B = Non-spawn XP
 C = Spawn XP percentage of total XP
 D = Spawn monster count
 E = Non-spawn monster count
 F = Spawn count percentage of total count
 G = Total turns spent on level
                    A         B        C        D         E        F      G
               +---------+---------+-------+---------+---------+-------+---------
         Total |       0 |    4991 |   0.0 |       0 |     147 |   0.0 | 10712
               +---------+---------+-------+---------+---------+-------+---------
           D:1 |       0 |      22 |   0.0 |       0 |      16 |   0.0 |  1476
           D:2 |       0 |      32 |   0.0 |       0 |      18 |   0.0 |   741
           D:3 |       0 |     236 |   0.0 |       0 |      16 |   0.0 |  1592
           D:4 |       0 |     617 |   0.0 |       0 |      14 |   0.0 |  1229
           D:5 |       0 |     846 |   0.0 |       0 |      29 |   0.0 |  1745
           D:6 |       0 |     725 |   0.0 |       0 |       9 |   0.0 |   975
           D:7 |       0 |    1523 |   0.0 |       0 |      21 |   0.0 |  1610
           D:8 |       0 |     874 |   0.0 |       0 |      18 |   0.0 |   779
         Sewer |       0 |     116 |   0.0 |       0 |       6 |   0.0 |   298
               +---------+---------+-------+---------+---------+-------+---------

Table legend:
 A = Turns spent in this place as a percentage of turns spent in the entire game.
 B = Non-inter-level travel turns spent in this place as a percentage of non-inter-level travel turns spent in the entire game.
 C = Inter-level travel turns spent in this place as a percentage of turns spent in this place.
 D = Turns resting spent in this place as a percentage of non-inter-level travel turns spent in this place.
 E = Turns spent auto-exploring this place as a percentage of non-inter-level travel turns spent in this place.
 F = Non-inter-level travel turns spent in this place divided by the number of levels of this place that you've seen.
                   A       B       C       D       E      F
               +-------+-------+-------+-------+-------+----------------------
         Total | 100.0 | 100.0 |   4.4 |  30.2 |  31.5 | 1024.2
       Dungeon |  94.7 |  94.9 |   4.2 |  30.2 |  30.9 | 1214.9
        Temple |   2.5 |   2.2 |  15.7 |   0.0 |  98.2 | 225.0
         Sewer |   2.8 |   2.9 |   0.0 |  53.0 |   0.0 | 298.0
               +-------+-------+-------+-------+-------+----------------------

Vault maps used:
D:1:      dpeg_arrival_boxorama
D:3:      grunt_temple_overflow_holy_war,
          chequers_ecumenical_altar_simple_redux, minmay_tree_intersection,
          uniq_terence, uniq_ijyb
D:4:      lemuel_crystal_altar, minmay_temple_entry_enclosed_plants,
          first_bread, serial_shops, nicolae_shop_crystal, kennysheep_mini,
          st_stairs_10, uniq_duvessa, uniq_sigmund, uniq_menkaure,
          uniq_blork_the_orc
D:5:      cheibrodos_sewer_entry_drain, serial_shops, nicolae_shop_statue_plus,
          serial_undead, serial_undead_e, serial_undead_b, serial_undead_a,
          serial_undead_a, lemuel_another_geyser
D:7:      marbit_many_paths, kennysheep_mini_moat, minitemple, grunt_livestock,
          trog_wizard, uniq_crazy_yiuf_cottage
D:8:      minmay_goldmine, lemuel_blue_sif_altar, serial_curves, eino_curves_04,
          eino_curves_03, minivault_10
Temple:   minmay_temple_curvy_branch
Sewer:    sewer_big_baddie
